 Dungeon Crawl Stone Soup version 0.22.1-1-ga44c0e5 (webtiles) character file.

1620 Irenicus the Cleaver (level 8, -1/69 HPs)
             Began as a Deep Dwarf Monk on Oct 9, 2018.
             Was a Believer of Makhleb.
             Shot with a sling bullet by Joseph (10 damage)
             ... on level 7 of the Dungeon.
             The game lasted 00:23:27 (3713 turns).

Irenicus the Cleaver (Deep Dwarf Monk)              Turns: 3713, Time: 00:23:28

Health: -1/69      AC:  5    Str: 17    XL:     8   Next: 64%
Magic:  11/11      EV: 14    Int: 12    God:    Makhleb [**....]
Gold:   296        SH:  0    Dex: 17    Spells: 7/7 levels left

rFire    . . .     SeeInvis .   a - +0 hand axe
rCold    . . .     Gourm    .   (no shield)
rNeg     . . .     Faith    .   q - +0 leather armour
rPois    .         Spirit   .   (helmet restricted)
rElec    .         Reflect  .   m - +0 cloak
rCorr    .         Harm     .   E - +0 pair of gloves
MR       +....                  (no boots)
Stlth    ++........             (no amulet)
HPRegen  0.00/turn              D - ring of wizardry {Wiz+, !d}
MPRegen  0.12/turn              J - +3 ring of strength

@: non-regenerating
A: damage resistance, heal wounds, beak, talons 1, sense surroundings 1, no
regeneration
a: Heal Wounds, Minor Destruction, Renounce Religion


You were on level 7 of the Dungeon.
You worshipped Makhleb.
Makhleb was pleased with you.
You were not hungry.

You visited 2 branches of the dungeon, and saw 8 of its levels.

You collected 296 gold pieces.

Inventory:

Hand Weapons
 a - a +0 hand axe (weapon)
 g - a +0 hunting sling of freezing
   (You took it off a goblin on level 2 of the Dungeon)
 l - a +0 war axe
   (You found it on level 3 of the Dungeon)
Missiles
 o - 145 stones (quivered)
 G - 19 sling bullets
Armour
 f - a cursed +0 helmet
   (You took it off Robin on level 2 of the Dungeon)
 m - a +0 cloak (worn)
   (You found it on level 1 of the Dungeon)
 q - a +0 leather armour (worn)
   (You found it on level 2 of the Dungeon)
 t - a cursed +0 plate armour
   (You found it on level 2 of the Dungeon)
 C - a +1 helmet
   (You found it on level 5 of the Dungeon)
 E - a +0 pair of gloves (worn)
   (You found it on level 5 of the Dungeon)
Magical Staves
 v - an uncursed staff of power {MP+17, !a}
   (You found it on level 5 of the Dungeon)
Jewellery
 k - an uncursed ring of teleportation {+/*tele, !d}
   (You found it on level 1 of the Dungeon)
 D - a ring of wizardry (left hand) {Wiz+, !d}
   (You found it on level 5 of the Dungeon)
 J - a +3 ring of strength (right hand)
   (You found it on level 6 of the Dungeon)
Wands
 p - a wand of flame (15)
   (You took it off Eustachio on level 4 of the Dungeon)
 B - a wand of iceblast (6)
   (You found it on level 5 of the Dungeon)
 H - a wand of paralysis (6)
   (You took it off Ijyb on level 5 of the Dungeon)
Scrolls
 d - 2 scrolls of identify {unknown}
 e - a scroll of enchant weapon {unknown}
 i - 5 scrolls of teleportation
 j - 4 scrolls of remove curse
 n - a scroll of random uselessness {unknown}
 s - a scroll of immolation {unknown}
 w - a scroll of fear {unknown}
 x - a scroll of enchant armour {unknown}
 y - a scroll of amnesia {unknown}
 A - a scroll of vulnerability {unknown}
 F - a scroll of blinking {unknown}
Potions
 b - a potion of might
 h - 2 potions of curing
 r - 2 potions of ambrosia
 u - a potion of flight {unknown}
 z - a potion of lignification {unknown}
 I - 2 potions of cancellation
Comestibles
 c - 10 rations


   Skills:
 - Level 3.0 Fighting
 * Level 11.2 Axes
 - Level 2.0 Armour
 + Level 3.8 Dodging
 - Level 2.4 Stealth
 - Level 4.0 Evocations


You had 7 spell levels left.
You didn't know any spells.
Your spell library contained the following spells:

 Spells                   Type           Power        Failure   Level  Hunger
 Corona                   Hex            #......      16%         1    ##.....
 Infusion                 Chrm           #...         16%         1    ##.....
 Shroud of Golubria       Chrm/Tloc      #.........   24%         2    ###....
 Slow                     Hex            #.......     24%         2    ###....
 Song of Slaying          Chrm           #.......     24%         2    ###....
 Inner Flame              Hex/Fire       #.......     41%         3    ####...
 Portal Projectile        Hex/Tloc       #.....       41%         3    ####...
 Spectral Weapon          Hex/Chrm       #.......     41%         3    ####...
 Cause Fear               Hex            #.........   80%         4    #####..
 Leda's Liquefaction      Hex/Erth       #.........   80%         4    #####..
 Regeneration             Chrm/Necr      Unusable     N/A         3    N/A

Dungeon Overview and Level Annotations

Branches:
Dungeon (7/15)             Temple (1/1) D:5

Altars:
Ashenzari
Cheibriados
Dithmenos
Fedhas
Gozag
Hepliaklqana
Kikubaaqudgha
Makhleb
Qazlal
Ru
Sif Muna
Uskayaw
Vehumet
Xom
Yredelemnul
Zin
The Shining One

Annotations:
D:5 exclusion: statue
D:7 Joseph


Innate Abilities, Weirdness & Mutations

You are resistant to damage.
You can heal yourself by infusing magical energy.
You passively map a small area around you.
You do not regenerate.
You have a beak for a mouth.
You have sharp toenails.


Message History

* * * LOW HITPOINT WARNING * * *
The kobold barely misses you.
The kobold unwields an uncursed blowgun.
The kobold completely misses you. The big kobold misses you.
The kobold barely misses you. x2
You take 4 damage, and have 12/69 hp.
You closely miss the kobold. You closely miss the big kobold.
The kobold shouts!
You hit the kobold.
You kill the kobold!
Makhleb accepts your kill.
You feel better. The big kobold hits you.
* * * LOW HITPOINT WARNING * * *
The kobold closely misses you.
You hit the kobold but do no damage. Your kick misses the kobold.
You barely miss the big kobold. You hit the kobold.
The kobold closely misses you. The big kobold hits you.
* * * LOW HITPOINT WARNING * * *
The kobold hits you but does no damage.
You take 4 damage, and have 8/69 hp.
Okay, then.
The big kobold barely misses you. The kobold completely misses you.
The big kobold barely misses you.
You slash the big kobold! You claw the big kobold.
You peck the big kobold, but do no damage.
You completely miss the kobold. The kobold misses you.
The big kobold closely misses you.
You hit the big kobold. You claw the big kobold. You hit the kobold.
You kill the kobold!
Makhleb accepts your kill.
The big kobold hits you but does no damage.
You hit the big kobold.
You kill the big kobold!
Makhleb accepts your kill.
You hit the kobold but do no damage. The kobold misses you.
You closely miss the kobold. Your kick misses the kobold.
The kobold closely misses you.
You slash the kobold!
You kill the kobold!
Makhleb accepts your kill.
You feel better.
You completely miss the kobold. You claw the kobold.
The kobold hits you with a short sword.
* * * LOW HITPOINT WARNING * * *
You take 1 damage, and have 8/69 hp.
You hit the kobold.
You kill the kobold!
Makhleb accepts your kill.
You feel better.
You hit the kobold. You peck the kobold, but do no damage.
The kobold hits you but does no damage.
The kobold throws a stone.
The stone hits you but does no damage. The kobold hits you but does no damage.
The kobold throws a stone.
The stone hits you.
* * * LOW HITPOINT WARNING * * *
Items here: (( ))) †† You take 1 damage, and have 8/69 hp.
You barely miss the kobold. Your kick misses the kobold.
Your peck misses the kobold.
You feel yourself speed up. The kobold barely misses you.
The kobold throws a stone.
The stone hits you but does no damage. The kobold misses you.
You hit the kobold. You claw the kobold.
You kill the kobold!
Makhleb accepts your kill.
You hit the kobold.
You kill the kobold!
Makhleb accepts your kill.
Things that are here:
a club; a kobold corpse
Found a stone staircase leading down.
You are no longer poisoned.
You see here 13 gold pieces.
You now have 296 gold pieces (gained 13).
A jackal comes into view.
A jackal comes into view.
The jackal barks!
The jackal barks!
The jackal misses you.
You barely miss the jackal. Your kick misses the jackal. You peck the jackal.
You completely miss the jackal. The jackal barely misses you.
The jackal misses you.
You closely miss the jackal. You claw the jackal.
You kill the jackal!
Makhleb accepts your kill.
You closely miss the jackal. The jackal bites you.
You hit the jackal.
You kill the jackal!
Makhleb accepts your kill.
You feel better.
You see here a book of Battle.
You pick up a book of Battle and begin reading...
You add the spells Infusion, Shroud of Golubria, Song of Slaying and Spectral Joseph, a Mercenary comes into view.
He is wielding a quarterstaff.
Joseph shouts!
A bullfrog skeleton comes into view.
Joseph unwields an uncursed quarterstaff.
Joseph wields a hunting sling.
Joseph shoots a sling bullet.
The sling bullet hits you!
You die...

####################,,
................@..#
#################..+ ,
* .#.Z. *, * .. ...# ,
, , , ..@ ... ,,, , ,
.... .. , ,, ,* *
(.... # , .....# , * ,


You could see Joseph and a bullfrog skeleton.

Vanquished Creatures
  Grinder (D:4)
  Prince Ribbit (D:6)
  Eustachio (D:4)
  3 ogres
  A big kobold (D:7)
  A scorpion (D:7)
  2 crimson imps
  3 jellies
  A centaur skeleton (D:5)
  Crazy Yiuf (D:2)
  A hound (D:4)
  2 iguanas (D:4)
  6 worker ants
  Ijyb (D:5)
  2 orc wizards (D:4)
  A worker ant zombie (D:5)
  Robin (D:2)
  3 gnolls (D:5)
  4 adders
  An ooze (D:4)
  An adder zombie (D:5)
  A worm (D:2)
  3 dart slugs
  A leopard gecko (D:5)
  8 orcs
  3 bats
  4 giant cockroaches
  17 goblins
  7 hobgoblins
  16 jackals
  4 quokkas
  A ball python (D:5)
  4 frilled lizards
  8 kobolds
  A quokka skeleton (D:5)
  7 rats
123 creatures vanquished.

Notes
Turn   | Place    | Note
-------+----------+-------------------------------------------
     0 | D:1      | Irenicus the Deep Dwarf Monk began the quest for the Orb.
     0 | D:1      | Reached XP level 1. HP: 20/20 MP: 1/1
    79 | D:1      | Reached XP level 2. HP: 20/27 MP: 2/2
    81 | D:1      | Reached skill level 4 in Axes
   522 | D:2      | Noticed Robin
   545 | D:2      | HP: 6/27 [goblin/dagger[Robin] (1)]
   551 | D:2      | HP: 4/27 [goblin/dagger[Robin] (2)]
   554 | D:2      | Reached XP level 3. HP: 18/33 MP: 3/3
   572 | D:2      | Killed Robin
   572 | D:2      | Reached skill level 5 in Axes
   911 | D:2      | Found a snail-covered altar of Cheibriados.
   936 | D:2      | Found a sacrificial altar of Ru.
  1006 | D:2      | HP: 7/33 [worm (3)]
  1056 | D:2      | Found a runed door.
  1060 | D:2      | Noticed Crazy Yiuf
  1078 | D:2      | HP: 8/33 [Crazy Yiuf/quarterstaff of chaos (5)]
  1080 | D:2      | Killed Crazy Yiuf
  1080 | D:2      | Reached XP level 4. HP: 8/40 MP: 2/4
  1197 | D:2      | HP: 5/40 [hobgoblin (3)]
  1198 | D:2      | HP: 2/40 [hobgoblin (3)]
  1488 | D:3      | Reached skill level 6 in Axes
  1732 | D:4      | Noticed an ogre
  1738 | D:4      | Gained mutation: You have sharp toenails. [potion of
                  | mutation]
  1738 | D:4      | Gained mutation: You have a beak for a mouth. [potion of
                  | mutation]
  1742 | D:4      | Killed an ogre
  1742 | D:4      | Reached XP level 5. HP: 46/46 MP: 5/5
  1759 | D:4      | Reached skill level 7 in Axes
  1776 | D:4      | HP: 7/46 [worker ant (6)]
  1783 | D:4      | Reached XP level 6. HP: 16/55 MP: 6/6
  1817 | D:4      | HP: 10/55 [orc/trident (4)]
  1819 | D:4      | HP: 3/55 [orc/trident (7)]
  1846 | D:4      | Reached skill level 8 in Axes
  1883 | D:4      | Noticed Grinder
  1965 | D:4      | Paralysed by Grinder for 3 turns
  1972 | D:4      | Killed Grinder
  1972 | D:4      | Reached skill level 9 in Axes
  1972 | D:4      | Reached XP level 7. HP: 27/61 MP: 7/7
  2002 | D:4      | Noticed Eustachio
  2029 | D:4      | HP: 15/61 [Eustachio/wand of flame (34) (6)]
  2042 | D:4      | Killed Eustachio
  2179 | D:4      | Reached skill level 10 in Axes
  2206 | D:5      | Entered Level 5 of the Dungeon
  2250 | D:5      | Found a hide-covered altar of Uskayaw.
  2255 | D:5      | Reached skill level 1 in Evocations
  2327 | D:5      | Reached skill level 2 in Evocations
  2476 | D:5      | HP: 4/61 [gnoll/halberd (12)]
  2483 | D:5      | Reached XP level 8. HP: 32/68 MP: 8/10
  2499 | D:5      | Found a staircase to the Ecumenical Temple.
  2526 | Temple   | Entered the Ecumenical Temple
  2584 | Temple   | Became a worshipper of Makhleb the Destroyer
  2584 | Temple   | Reached * piety under Makhleb
  2584 | Temple   | Reached ** piety under Makhleb
  2662 | D:5      | Reached skill level 4 in Evocations
  2694 | D:5      | Found a radiant altar of Vehumet.
  2714 | D:5      | Irenicus: ?? cure mutation
  2714 | D:5      | beem: potion of cure mutation[1/2]: Removes 1 to 7 randomly
                  | chosen mutations.
  2909 | D:5      | Noticed Ijyb
  2970 | D:5      | Killed Ijyb
  3081 | D:6      | Reached skill level 3 in Fighting
  3253 | D:6      | Noticed Prince Ribbit
  3337 | D:6      | Killed Prince Ribbit
  3337 | D:6      | Reached skill level 1 in Armour
  3422 | D:6      | Reached skill level 2 in Armour
  3543 | D:7      | Reached skill level 11 in Axes
  3598 | D:7      | HP: 16/69 [scorpion (3)]
  3628 | D:7      | HP: 16/69 [asphyx]
  3633 | D:7      | HP: 12/69 [big kobold (1)]
  3641 | D:7      | HP: 8/69 [kobold/short sword (1)]
  3713 | D:7      | Noticed Joseph
  3713 | D:7      | Shot with a sling bullet by Joseph

Skill      XL: |  1  2  3  4  5  6  7  8 |
---------------+-------------------------+-----
Axes           | 4 5 6 7 9 10 11 | 11.2
Evocations     | 2 4 |  4.0
Fighting       | 3 |  3.0
Armour         | 2 |  2.0
Dodging        | |  3.8
Stealth        | |  2.4

Action                   |  1- 3 |  4- 6 |  7- 9 || total
-------------------------+-------+-------+-------++-------
Melee: Hand axe          |   124 |   123 |   146 ||   393
       Kick              |       |    27 |    46 ||    73
       Peck              |       |    14 |    21 ||    35
 Fire: Hunting sling     |    12 |     9 |    29 ||    50
 Abil: Heal Wounds       |     1 |     2 |     3 ||     6
Evoke: Wand              |       |       |    16 ||    16
  Use: Potion            |     4 |     8 |       ||    12
       Scroll            |       |       |     2 ||     2
 Stab: Sleeping          |     5 |     2 |     1 ||     8
  Eat: Chunk             |       |     3 |     6 ||     9
Armor: Robe              |    15 |       |       ||    15
       Leather armour    |     7 |    35 |    39 ||    81
Dodge: Dodged            |    89 |    74 |   110 ||   273

Vault maps used:
D:1:      minmay_arrival_glassed_features
D:2:      nicolae_ru_the_path_less_chosen, kennysheep_slug_shrine, minivault_24,
          uniq_robin, uniq_crazy_yiuf_cottage
D:4:      first_ration, uniq_grinder, uniq_eustachio
D:5:      vehumet_statue, eat_drink_and_be_merry_uskayaw, temple_statues,
          uniq_ijyb
D:6:      uniq_prince_ribbit1
D:7:      wad_guarded_room, lemuel_doored_altar, the_bakery,
          serial_bayou_pond_e, uniq_joseph
Temple:   regret_index_temple_waves

Table legend:
 A = Turns spent in this place as a percentage of turns spent in the entire game.
 B = Non-inter-level travel turns spent in this place as a percentage of non-inter-level travel turns spent in the entire game.
 C = Inter-level travel turns spent in this place as a percentage of turns spent in this place.
 D = Turns resting spent in this place as a percentage of non-inter-level travel turns spent in this place.
 E = Turns spent auto-exploring this place as a percentage of non-inter-level travel turns spent in this place.
 F = Non-inter-level travel turns spent in this place divided by the number of levels of this place that you've seen.
                   A       B       C       D       E      F
               +-------+-------+-------+-------+-------+----------------------
         Total | 100.0 | 100.0 |   6.3 |   0.0 |   2.2 | 434.9
       Dungeon |  96.8 |  98.3 |   4.9 |   0.0 |   2.2 | 488.6
        Temple |   3.2 |   1.7 |  49.6 |   0.0 |   0.0 |  59.0
               +-------+-------+-------+-------+-------+----------------------

Table legend:
 A = Kills in this place as a percentage of kills in entire the game.
 B = Kills by you in this place as a percentage of kills by you in the entire game.
 C = Kills by friends in this place as a percentage of kills by friends in the entire game.
 D = Other kills in this place as a percentage of other kills in the entire game.
 E = Experience gained in this place as a percentage of experience gained in the entire game.
 F = Experience gained in this place divided by the number of levels of this place that you have seen.
                   A       B       C       D       E      F
               +-------+-------+-------+-------+-------+----------------------
         Total | 100.0 | 100.0 |   N/A |   N/A | 100.0 | 289.4
       Dungeon | 100.0 | 100.0 |   N/A |   N/A | 100.0 | 330.7
               +-------+-------+-------+-------+-------+----------------------
